Map: Fracture LE

Players

Kfive

  • Race: Zerg Zerg
  • League: Diamond
  • Spawn Location: 11:00

Dauntless - Winner!

  • Race: Terran Terran
  • Spawn Location: 5:00

VOD

Have the link to the VOD?

Description

Time

  • Played on: Nov. 18, 2018, 11:41 p.m.
  • Length: 21:29
Show
View Real Time Build Order
Export as new Build Order

Kfive Zerg 

Build Orders: Hatch First, Muta Ling Bane 

Get SALT Encoding   

  12  0:02  Drone  
  13  0:13  Overlord  
  13  0:16  Drone  
  14  0:32  Drone x2  
  16  0:51  Hatchery  
  16  0:54  Drone  
  16  0:56  Drone  
  17  0:59  Drone  
  18  1:12  Extractor  
  18  1:15  Spawning Pool  
  18  1:18  Drone  
  17  1:22  Drone  
  18  1:33  Drone  
  18  1:39  Drone  
  20  1:49  Overlord  
  20  2:03  Queen x2  
  20  2:05  Zergling x4  
  26  2:14  Metabolic Boost  
  26  2:18  Drone  
  26  2:20  Drone  
  28  2:34  Drone x3  
  30  2:45  Queen  
  32  3:02  Spine Crawler  
  32  3:04  Roach Warren  
  32  3:05  Hatchery  
  29  3:30  Zergling x4  
  29  3:31  Zergling x14  
  36  3:49  Overlord  
  36  3:50  Overlord  
  36  4:07  Queen  
  44  4:10  Roach x4  
  46  4:28  Queen  
  46  4:29  Drone x4  
  52  4:41  Drone x2  
  54  4:52  Drone x2  
  56  5:12  Roach  
  58  5:15  Overlord x2  
  57  5:31  Overlord x2  
  57  5:37  Lair  
  57  6:08  Extractor, Drone x12  
  57  6:09  Extractor  
  67  6:14  Queen  
  67  6:17  Queen  
  71  6:26  Drone x11  
  71  6:27  Drone x3  
  85  6:33  Hatchery  
  84  6:46  Baneling Nest  
  83  6:49  Queen  
  83  6:52  Spire  
  84  6:54  Extractor  
  84  6:58  Extractor x2  
  81  7:06  Drone  
  81  7:07  Overlord, Drone x3  
  81  7:08  Overlord x2  
  85  7:14  Hatchery  
  84  7:20  Evolution Chamber  
  84  7:21  Evolution Chamber  
  82  7:27  Overlord x3  
  82  7:46  Centrifical Hooks  
  82  7:59  Drone x2  
  82  8:00  Drone x2  
  82  8:03  Drone x6  
  90  8:08  Mutalisk  
  90  8:09  Mutalisk x6  
  98  8:20  Mutalisk x3  
  98  8:30  Mutalisk x3  
  96  8:34  Mutalisk  
  86  8:57  Hatchery  
  86  9:00  Queen  
  73  9:03  Mutalisk  
  73  9:04  Mutalisk x2  
  73  9:06  Extractor x2  
  75  9:18  Drone x3  
  78  9:25  Drone x5  
  83  9:36  Mutalisk x3  
  82  9:48  Mutalisk x2  
  86  9:59  Drone  
  87  10:00  Drone x11  
  87  10:11  Drone x5  
  88  10:25  Zerg Flyer Armor Level 1  
  88  10:39  Hatchery  
  87  10:47  Queen  
  87  10:48  Queen  
  91  10:52  Drone x3  
  94  11:11  Hydralisk Den  
  89  11:27  Drone  
  89  11:28  Drone x12  
  88  11:47  Roach x7  
  71  12:00  Drone x5  
  71  12:01  Drone x6  
  79  12:21  Infestation Pit  
  75  12:26  Drone x4  
  75  12:27  Drone  
  64  12:50  Hatchery  
  63  12:56  Drone x5  
  63  12:57  Drone x2  
  70  12:58  Hive  
  70  13:09  Queen  
  72  13:17  Roach x8  
  88  13:46  Hydralisk x6  
  100  13:54  Hatchery  
  97  14:10  Queen  
  97  14:13  Greater Spire  
  97  14:16  Drone x7  
  97  14:17  Drone x3  
  108  14:23  Lurker Den  
  108  14:34  Corruptor x3  
  108  14:35  Corruptor x2  
  112  15:20  Drone x6  
  112  15:21  Overlord x3  
  118  15:25  Brood Lord x3  
  118  15:26  Brood Lord x2  
  128  15:30  Roach  
  128  15:31  Roach x5  
  140  15:36  Overlord x3  
  140  15:47  Extractor  
  139  15:52  Lurker x2  
  141  16:05  Roach x10  
  140  16:26  Drone  
  140  16:27  Drone x6  
  140  16:29  Extractor  
  140  16:30  Extractor  
  109  16:46  Hatchery  
  104  17:00  Hatchery x2  
  102  17:03  Corruptor x3  
  108  17:19  Queen x2  
  108  17:20  Queen  
  114  17:24  Hatchery  
  79  17:59  Roach  
  79  18:00  Roach x8  
  97  18:08  Brood Lord x2  
  101  18:15  Drone  
  101  18:16  Drone x3  
  69  18:30  Drone  
  69  18:31  Drone x2  
  62  19:03  Hydralisk x4  
  70  19:19  Drone  
  70  19:20  Drone x5  
  72  19:44  Brood Lord  
Show
View Real Time Build Order
Export as new Build Order

Dauntless Terran - Winner!

Build Orders:  

Get SALT Encoding   

  12  0:01  SCV  
  13  0:13  SCV  
  14  0:18  Supply Depot  
  14  0:25  SCV  
  14  0:28  Refinery  
  15  0:39  SCV  
  16  0:46  Barracks  
  16  0:51  SCV  
  17  0:57  Supply Depot  
  17  1:03  SCV  
  18  1:15  SCV  
  18  1:17  Refinery  
  19  1:32  Orbital Command  
  19  1:40  Barracks  
  19  1:41  Reaper  
  20  1:57  Barracks  
  20  2:02  SCV  
  21  2:14  Reaper  
  21  2:15  SCV  
  23  2:27  SCV, Reaper  
  25  2:30  Supply Depot  
  25  2:39  SCV  
  26  2:46  Reaper  
  26  2:51  SCV  
  28  2:54  Barracks Reactor  
  28  3:02  Command Center  
  28  3:04  Reaper  
  29  3:23  Reaper  
  30  3:35  Barracks  
  30  3:38  Engineering Bay, Barracks  
  31  3:43  Engineering Bay  
  31  3:51  Barracks Reactor  
  31  3:52  Reaper  
  31  3:53  Reaper  
  33  3:59  Barracks Reactor  
  32  4:05  SCV  
  33  4:17  SCV  
  34  4:24  Reaper  
  34  4:25  Reaper  
  36  4:35  Terran Infantry Armor Level 1, Terran Infantry Weapons Level 1  
  36  4:40  SCV  
  37  4:46  Reaper  
  37  4:47  Reaper  
  37  4:48  Refinery  
  37  4:51  Refinery  
  40  4:52  SCV  
  40  4:56  Planetary Fortress  
  40  4:57  Reaper  
  41  5:04  SCV  
  34  5:16  Reaper x2  
  34  5:17  SCV, Reaper  
  36  5:25  Barracks Reactor  
  36  5:29  SCV  
  37  5:35  Barracks Reactor  
  37  5:43  Command Center  
  37  5:45  SCV  
  37  5:47  SCV  
  39  5:58  SCV  
  39  5:59  SCV  
  39  6:02  Reaper x6  
  47  6:10  SCV  
  48  6:11  SCV  
  48  6:15  Factory  
  49  6:19  Reaper  
  49  6:22  SCV  
  49  6:23  SCV  
  52  6:30  Reaper  
  52  6:31  Reaper  
  54  6:54  Supply Depot  
  54  6:55  SCV x2, Reaper  
  54  6:59  Supply Depot x2  
  57  7:07  SCV  
  58  7:11  Armory  
  58  7:12  SCV  
  58  7:14  Reaper x6  
  66  7:17  Supply Depot  
  66  7:19  SCV  
  66  7:21  Supply Depot x2  
  67  7:24  Planetary Fortress, SCV  
  67  7:39  SCV  
  67  7:40  SCV  
  67  7:43  Reaper  
  67  7:44  Reaper  
  71  7:48  Refinery  
  71  7:52  SCV x2  
  71  7:53  Refinery  
  73  8:02  SCV  
  73  8:04  SCV x2  
  76  8:09  Reaper x2  
  76  8:10  Reaper x6  
  84  8:14  SCV  
  84  8:15  Reaper  
  84  8:16  SCV x2  
  87  8:26  SCV  
  87  8:28  SCV x2  
  87  8:30  Reaper  
  86  8:38  SCV  
  86  8:40  SCV x2  
  88  8:41  Reaper  
  88  8:42  Reaper x4  
  88  8:44  Reaper  
  88  8:45  Reaper  
  95  8:50  SCV  
  91  9:00  Reaper x2  
  91  9:02  Reaper  
  90  9:05  Missile Turret  
  90  9:07  Missile Turret  
  90  9:08  Missile Turret  
  90  9:09  Missile Turret  
  82  9:10  Missile Turret x2  
  82  9:11  Missile Turret  
  82  9:13  Reaper, Missile Turret  
  82  9:14  Missile Turret  
  82  9:15  Missile Turret  
  82  9:16  Missile Turret x4  
  83  9:17  Missile Turret x2  
  83  9:18  Missile Turret x2  
  83  9:22  Missile Turret  
  83  9:24  Missile Turret  
  83  9:29  Missile Turret  
  83  9:31  Missile Turret  
  81  9:35  Missile Turret  
  73  9:47  Reaper x7  
  80  9:57  Reaper  
  80  9:58  Reaper x2  
  70  10:19  Reaper x3  
  70  10:21  Missile Turret x2  
  70  10:22  Missile Turret x3  
  70  10:23  Missile Turret  
  70  10:27  Missile Turret  
  70  10:35  Missile Turret  
  70  10:38  Reaper  
  70  10:39  Reaper x5  
  70  10:40  Reaper  
  70  10:42  SCV  
  78  10:51  Missile Turret  
  78  10:52  SCV x2  
  78  10:54  SCV  
  81  10:57  Terran Infantry Weapons Level 2  
  81  11:03  Terran Infantry Armor Level 2  
  82  11:04  SCV x2  
  83  11:22  Missile Turret x2  
  83  11:26  Missile Turret  
  83  11:27  Missile Turret  
  83  11:28  Missile Turret  
  80  11:55  Reaper x3  
  80  11:56  Reaper x7  
  79  12:27  Reaper  
  79  12:28  Reaper x9  
  76  12:59  Reaper  
  76  13:00  Reaper x5  
  76  13:01  Reaper x4  
  86  13:15  Command Center  
  86  13:32  Reaper  
  86  13:33  Missile Turret  
  86  13:34  Missile Turret x4  
  87  13:35  Missile Turret  
  87  13:37  Missile Turret  
  87  13:38  Missile Turret  
  87  13:41  Armory  
  84  13:56  Missile Turret  
  84  13:57  Missile Turret  
  84  13:58  Missile Turret  
  84  14:04  Reaper x10  
  94  14:18  Missile Turret  
  94  14:22  Missile Turret  
  94  14:36  Reaper x10  
  104  14:44  Terran Infantry Weapons Level 3  
  104  14:46  Terran Infantry Armor Level 3, Refinery  
  104  14:52  Refinery  
  98  15:07  Planetary Fortress  
  98  15:08  Reaper  
  98  15:09  Reaper x3  
  98  15:10  Reaper x2  
  104  15:16  Missile Turret  
  104  15:17  Missile Turret  
  104  15:22  Reaper  
  104  15:23  Reaper x3  
  108  15:46  Reaper x6  
  114  15:54  SCV, Reaper  
  114  15:55  Reaper  
  114  15:56  Reaper x2  
  118  16:18  Reaper x4  
  120  16:19  Reaper x2  
  115  16:27  Reaper x2  
  115  16:28  Reaper  
  115  16:29  Reaper  
  91  16:50  Reaper x4  
  91  16:51  Reaper x2  
  93  16:59  Reaper x2  
  93  17:00  Reaper  
  93  17:01  Reaper  
  90  17:18  Barracks  
  90  17:20  Barracks  
  90  17:22  Barracks, Reaper x4  
  94  17:23  Reaper x2  
  89  17:31  Reaper x2  
  89  17:33  Reaper x2  
  87  17:54  Reaper x4  
  87  17:55  Reaper  
  87  17:56  Reaper  
  93  18:03  SCV x4, Reaper x2  
  93  18:05  Reaper x2  
  99  18:15  SCV x4  
  100  18:26  Reaper x2  
  100  18:27  SCV x4, Reaper x3  
  102  18:28  Reaper  
  106  18:35  Reaper x2  
  106  18:37  Reaper x2  
  106  18:39  SCV x4  
  109  18:51  SCV x4  
  111  18:58  Reaper  
  111  18:59  Reaper x3  
  111  19:00  Reaper x2  
  114  19:03  SCV x2  
  114  19:04  SCV x2  
  114  19:07  Reaper x2  
  114  19:09  Barracks Reactor  
  118  19:15  SCV, Reaper  
  118  19:16  SCV x3  
  122  19:22  Missile Turret x2  
  122  19:23  Missile Turret x3  
  122  19:24  Missile Turret  
  122  19:25  Missile Turret  
  122  19:26  Missile Turret  
  122  19:28  Missile Turret  
  122  19:30  Reaper x2, Missile Turret  
  120  19:41  Reaper  
  121  19:52  Reaper  
  115  20:02  Reaper x2  
  115  20:20  Reaper  
  116  20:32  Reaper x2  
  116  20:54  Reaper x2  
Tags
 
Composition
Muta Ling Bane
League
Diamond
Matchup
TvZ
Spawn Locations
Cross Positions
Add a new tag
Caveats
  • Supply blocks, unpowered buildings, or Contaminate may cause inaccurate times.
  • Supply counts are checked every 10 seconds.